AoeStats
← Noroad

Arabia

510509599Analyzed
1v1 RM · 12h ago on Oct 1, 2026· 46m 55s· 2 players
Game mode
Random Map
Map size
Tiny (2 player)
Population
200
Speed
Normal
Resources
Standard
Victory
Conquest
Starting age
Dark Age
Ending age
Imperial Age
RankedLock teamsTeams togetherTeam positionsShared explorationLock speedFull tech treeHidden civsTurbo modeCheats
Victory
Defeat
🇦🇹 Persians · Austria
1534
+10
🇨🇳 Danes · China
1406
-10
Noroad
5:43 Loom
8:44 Feudal Age
9:16 Double-Bit Axe
9:15 Horse Collar
13:18 Horse Collar
16:31 Arson
20:07 Castle Age
18:27 Scale Mail Armor
18:47 Stone Mining
20:31 Forging
21:07 Chain Mail Armor
20:24 Pikeman
22:01 Squires
25:00 Gambesons
25:54 Arson
27:12 Iron Casting
27:41 Bow Saw
28:57 Gold Mining
30:31 Gold Shaft Mining
34:22 Wheelbarrow
35:10 Fletching
40:56 Imperial Age
41:37 Heavy Scorpion
43:32 Conscription
43:51 Plate Mail Armor
MiBe
6:38 Loom
8:50 Feudal Age
9:30 Double-Bit Axe
17:52 Castle Age
17:28 Bloodlines
18:42 Bow Saw
19:15 Husbandry
20:54 Scale Barding Armor
21:05 Forging
21:31 Horse Collar
22:35 Town Watch
23:31 Wheelbarrow
24:59 Fletching
25:21 Heavy Plow
25:39 Bodkin Arrow
26:56 Ballistics
27:42 Thumb Ring
36:22 Imperial Age
35:09 Parthian Tactics
36:55 Cavalier
38:53 Hand Cart
39:16 Chain Barding Armor
40:19 Conscription
42:12 Chemistry
41:41 Kamandaran
41:11 Crossbowman
43:59 Plate Barding Armor
44:13 Hand Cart
Connection lost

Rejoining the realm…

Still unreachable

The connection could not be restored.

Session expired

The server has moved on; the page needs a fresh start.